 Dungeon Crawl Stone Soup version 0.28.0-53-g5a82cb258f (webtiles) character file.

Game seed: 13723276882399100328

315 bnorton916 the Magician (level 6, -6/32 HPs)
             Began as a Deep Elf Fire Elementalist on June 17, 2022.
             Was an Initiate of Gozag.
             Mangled by an ice beast (13 damage)
             ... on level 6 of the Dungeon.
             The game lasted 00:04:03 (3616 turns).

bnorton916 the Magician (DEFE)                      Turns: 3616, Time: 00:04:05

Health: -6/32      AC:  2    Str: 11    XL:     6   Next: 20%
Magic:  12/16      EV: 12    Int: 22    God:    Gozag
Gold:   255        SH:  0    Dex: 15    Spells: 6/16 levels left

rFire   . . .      SeeInvis .   g - +2 dagger (elec)
rCold   . . .      Faith    .   (no shield)
rNeg    . . .      Spirit   .   a - +0 robe
rPois   .          Reflect  .   (no helmet)
rElec   .          Harm     .   (no cloak)
rCorr   .          Rampage  .   (no gloves)
Will    .....                   (no boots)
Stlth   ++........              (no amulet)
HPRegen 0.10/turn               c - +6 ring of strength
MPRegen 0.15/turn               (no ring)

@: no status effects
A: no striking features
a: Renounce Religion, Potion Petition, Call Merchant, Bribe Branch


You were on level 6 of the Dungeon.
You worshipped Gozag.
Gozag was aware of your devotion.
You visited 1 branch of the dungeon, and saw 4 of its levels.

You collected 276 gold pieces.
You paid 21 gold pieces to Gozag.

Inventory:

Hand Weapons
 d - a +1 short sword of protection
 g - a +2 dagger of electrocution (weapon)
 j - the +5 spear "Ofewnok" {venom, rElec rC- MP+9}
   (You found it on level 3 of the Dungeon)

   It poisons the flesh of those it strikes.
   rC:        It makes you vulnerable to cold.
   rElec:     It insulates you from electricity.
   MP:        It affects your magic capacity (+9).
Missiles
 e - 110 stones
 k - 6 poisoned darts
Armour
 a - a +0 robe (worn)
Jewellery
 c - a +6 ring of strength (left hand)
Scrolls
 b - a scroll of immolation {unknown}
 h - a scroll of enchant armour {unknown}
 i - 2 scrolls of noise {unknown}
 m - a scroll of teleportation {unknown}
Potions
 f - a potion of invisibility {unknown}
 l - a potion of curing {unknown}


   Skills:
 - Level 2.4 Dodging
 - Level 2.4 Stealth
 + Level 5.6 Spellcasting
 + Level 4.0 Conjurations
 + Level 5.2 Fire Magic


You had 6 spell levels left.
You knew the following spells:

 Your Spells              Type           Power      Damage    Failure   Level
a - Foxfire               Conj/Fire      100%       2x1d9     1%          1
b - Scorch                Fire           58%        2d7       1%          2
c - Conjure Flame         Conj/Fire      26%        6-21      4%          3
d - Flame Wave            Conj/Fire      26%        2d7       14%         4

Your spell library contained the following spells:

 Spells                   Type           Power      Damage    Failure   Level
 Pain                     Necr           24%        1d5       10%         1
 Inner Flame              Hex/Fire       17%        N/A       10%         3
 Corpse Rot               Necr/Air       12%        N/A       14%         2
 Sublimation of Blood     Necr           6%         N/A       14%         2
 Call Canine Familiar     Summ           6%         N/A       28%         3
 Portal Projectile        Hex/Tloc       12%        N/A       28%         3
 Dispel Undead            Necr           6%         3d8       67%         4
 Leda's Liquefaction      Hex/Erth       3%         N/A       67%         4
 Summon Forest            Summ/Tloc      3%         N/A       95%         5
 Death Channel            Necr           3%         N/A       100%        6
 Simulacrum               Ice/Necr       3%         N/A       100%        6


Dungeon Overview and Level Annotations

Branches:
Dungeon (3/15)

Altars:
Gozag


Message History

You see here a +0 chain mail.
Found 17 gold pieces.
You now have 248 gold pieces (gained 17).
You open the door.
There is an open door here.
You open the door.
There is an open door here.
You open the door.
Found 7 gold pieces.
There is an open door here.
You now have 255 gold pieces (gained 7).
You open the door.
There is an open door here.
You open the door.
An ice beast comes into view.
You closely miss the ice beast. The ice beast hits you.
The ice beast freezes you!
You feel a terrible chill!
Unknown command.
The +5 spear "Ofewnok" {venom, rElec rC- MP+9} stops dripping with poison.
You hear the crackle of electricity.
g - a +2 dagger of electrocution (weapon)
There is an open door here.
Casting: Foxfire (safe; 1% risk of failure)
Confirm with . or Enter, or press ? or * to list all spells.
Flames lash the ice beast.
The ice beast melts!
The ice beast is severely wounded.
The ice beast's fire resistance burns away.
The ice beast hits you. The ice beast freezes you.
The ice beast hits you but does no damage.
Unknown command.
Casting: Scorch (safe; 1% risk of failure)
Confirm with . or Enter, or press ? or * to list all spells.
Flames lash the ice beast.
The ice beast melts!
The ice beast is almost dead.
The ice beast misses you. The ice beast hits you.
* * * LOW HITPOINT WARNING * * *
The ice beast freezes you!
You die...
Your body crumbles into a pile of gold.

#.....# #.....# #.....
#.... ... #'# #.#
#####Y## ######
#....@.# #....#
#......# #.##.#
#......####'##.#######
#......##....#........
#......##....#########
#......##....#
#####'###....#
#...'....# #####....#


You could see an ice beast (combustible).

Vanquished Creatures
  A water moccasin (D:6)
  A phantom (D:6)
  A scorpion (D:6)
  An orc wizard (D:3)
  An adder (D:2)
  2 dart slugs
  2 orcs (D:3)
  A bat (D:1)
  2 endoplasms (D:1)
  4 giant cockroaches
  10 goblins
  6 hobgoblins
  2 quokkas
  7 ball pythons
  2 frilled lizards
  3 kobolds
  2 rats
48 creatures vanquished.

Vanquished Creatures (others)
  210 foxfires
210 creatures vanquished.

Grand Total: 258 creatures vanquished

Notes
Turn   | Place    | Note
-------+----------+-------------------------------------------
     0 | D:1      | bnorton916 the Deep Elf Fire Elementalist began the quest
                  | for the Orb.
     0 | D:1      | Reached XP level 1. HP: 10/10 MP: 6/6
   307 | D:1      | Reached XP level 2. HP: 15/15 MP: 5/8
  1115 | D:2      | Reached XP level 3. HP: 17/19 MP: 7/10
  1325 | D:2      | Learned a level 2 spell: Scorch
  1343 | D:2      | Found an opulent altar of Gozag.
  1351 | D:2      | Became a worshipper of Gozag Ym Sagoz the Greedy
  1421 | D:2      | Got Zolit's Reference Book on Warped Evil
  1992 | D:3      | Reached XP level 4. HP: 23/24 MP: 6/12
  2200 | D:3      | Identified the +5 spear "Ofewnok" {venom, rElec rC- MP+9}
  2544 | D:3      | You fall into a shaft and drop 3 floors!
  2597 | D:6      | Noticed a water moccasin
  2605 | D:6      | Learned a level 3 spell: Conjure Flame
  2610 | D:6      | Learned a level 4 spell: Flame Wave
  2639 | D:6      | Killed a water moccasin
  2640 | D:6      | Reached skill level 5 in Spellcasting
  2640 | D:6      | Reached XP level 5. HP: 28/28 MP: 14/14
  3018 | D:6      | Reached skill level 5 in Fire Magic
  3264 | D:6      | Noticed a phantom
  3294 | D:6      | Killed a phantom
  3295 | D:6      | Reached XP level 6. HP: 25/32 MP: 16/16
  3608 | D:6      | Noticed an ice beast
  3616 | D:6      | Mangled by an ice beast

Illustrated notes

Levels and vault maps discovered:
D:1:      minmay_arrival_solitary_statue, layout_basic
D:2:      layout_rooms, basic_altar, minmay_goblin_outpost
D:3:      layout_loops_corners, shapermc_ecumenical_altar_venn,
          minmay_misc_feat_secret_circle, dk_vineyard_1, feat_on_display
D:6:      layout_basic, uniq_prince_ribbit1, uniq_pikel

Skill      XL: |  1  2  3  4  5 |
---------------+----------------+-----
Conjurations   | 2 3 4 |  4.0
Fire Magic     | 4 5 |  5.2
Spellcasting   | 4 5 |  5.6
Dodging        | |  2.4
Stealth        | |  2.4

Action                   |  1- 3 |  4- 6 || total
-------------------------+-------+-------++-------
Melee: Spear             |       |     1 ||     1
 Cast: Foxfire           |   108 |    18 ||   126
       Scorch            |     1 |     8 ||     9
       Conjure Flame     |       |     3 ||     3
Armor: Robe              |     3 |     2 ||     5
Dodge: Dodged            |     4 |     5 ||     9
